 Dungeon Crawl Stone Soup version 0.29-a0-322-g68df515 (webtiles) character file.

Game seed: 11123834925407070095

444 Think the Cudgeller (level 7, -2/46 HPs)
             Began as an Octopode Fighter on Apr 5, 2022.
             Was a Plaything of Xom.
             Slain by a sky beast (6 damage)
             ... on level 4 of the Dungeon.
             The game lasted 00:07:20 (3342 turns).

Think the Cudgeller (Octopode Fighter)              Turns: 3342, Time: 00:07:21

Health: -2/46      AC:  1    Str: 16    XL:     7   Next: 3%
Magic:  7/7        EV: 13    Int: 10    God:    Xom [*.....]
Gold:   356        SH:  4    Dex: 13    Spells: 5/6 levels left

rFire   . . .      SeeInvis .   f - +4 whip
rCold   . . .      Faith    .   a - +0 buckler
rNeg    . . .      Spirit   .   (helmet restricted)
rPois   .          Reflect  .   o - amulet of regeneration
rElec   .          Harm     .   (no ring)
rCorr   .          Rampage  .   (no ring)
Will    .....                   (no ring)
Stlth   ++........              (no ring)
HPRegen 0.95/turn               (no ring)
MPRegen 0.10/turn               (no ring)
                                (no ring)
                                (no ring)

@: mighty
A: almost no armour, amphibious, 8 rings, camouflage 1, gelatinous body 1,
(nimble swimmer 1), tentacles, agile 1, weak 1
a: Renounce Religion


You were on level 4 of the Dungeon.
You worshipped Xom.
You were a special plaything of Xom.
You visited 1 branch of the dungeon, and saw 4 of its levels.
You also visited: Sewer.

You collected 356 gold pieces.

Inventory:

Hand Weapons
 f - a +4 whip (weapon)
 s - a +0 dagger of electrocution
Armour
 a - a +0 buckler (worn)
Jewellery
 o - an amulet of regeneration (around mantle)
Scrolls
 c - a scroll of silence
 d - a scroll of enchant weapon
 e - a scroll of torment
 h - 4 scrolls of teleportation
 j - a scroll of vulnerability
 k - 4 scrolls of identify
 l - a scroll of noise
 q - a scroll of amnesia {unknown}
Potions
 b - 2 potions of might
 g - a potion of brilliance {unknown}
 i - a potion of degeneration {unknown}
 m - 2 potions of heal wounds {unknown}
 n - 4 potions of haste {unknown}
 p - a potion of resistance {unknown}
 r - 2 potions of mutation {unknown}
 t - a potion of invisibility {unknown}
 u - 2 potions of cancellation {unknown}
 v - a potion of curing {unknown}


   Skills:
 - Level 3.0 Fighting
 * Level 6.2 Maces & Flails
 - Level 3.0 Dodging
 - Level 3.0 Shields
 - Level 2.8 Unarmed Combat
 + Level 1.6 Summonings


You had 5 spell levels left.
You knew the following spells:

 Your Spells              Type           Power      Damage    Failure   Level
a - Summon Small Mammal   Summ           12%        N/A       26%         1

Your spell library contained the following spells:

 Spells                   Type           Power      Damage    Failure   Level
 Animate Skeleton         Necr           0%         N/A       45%         1
 Apportation              Tloc           0%         N/A       45%         1
 Corpse Rot               Necr/Air       0%         N/A       58%         2
 Call Canine Familiar     Summ           3%         N/A       61%         3
 Portal Projectile        Hex/Tloc       0%         N/A       83%         3
 Dispel Undead            Necr           0%         3d6       99%         4
 Leda's Liquefaction      Hex/Erth       0%         N/A       99%         4
 Death Channel            Necr           0%         N/A       100%        6


Dungeon Overview and Level Annotations

Branches:
Dungeon (4/15)             Temple (0/1) D:4           Sewer (visited)

Altars:
Uskayaw
Xom
Beogh

Shops:
D:1 !   D:2 !


Innate Abilities, Weirdness & Mutations

You cannot wear most types of armour.
You are amphibious.
You can wear up to eight rings at the same time.
Your skin changes colour to match your surroundings (Stealth+).
Your rubbery body absorbs attacks. (AC +1, EV +1)
((You are camouflaged when in or above water. (Stealth+)))
You have tentacles for arms and can constrict up to eight enemies at once.
You are agile. (Dex +2)
You are weak. (Str -2)


Message History

You hit the sky beast. Your squeeze misses the sky beast.
The sky beast is lightly wounded.
The sky beast closely misses you.
You completely miss the sky beast.
The sky beast is lightly wounded.
The sky beast hits you. The sky beast shocks you.
You hit the sky beast. Your squeeze misses the sky beast.
The sky beast is lightly wounded.
The sky beast flickers out of sight!
Deactivating autopickup; reactivate with Ctrl-A.
Something hits you. Something shocks you.
You are too injured to fight recklessly!
There is a strange disturbance nearby!
Something barely misses you.
A sky beast appears from thin air!
Reactivating autopickup.
The sky beast attacks as you move away! The sky beast hits you.
The sky beast shocks you.
The sky beast flickers out of sight!
Deactivating autopickup; reactivate with Ctrl-A.
Something hits you. Something shocks you.
* * * LOW HITPOINT WARNING * * *
A sky beast appears from thin air!
Reactivating autopickup.
The sky beast hits you. The sky beast shocks you.
* * * LOW HITPOINT WARNING * * *
The sky beast attacks as you move away! The sky beast barely misses you.
Xom decides to rearrange the pieces.
You swap places with the sky beast.
You miss the sky beast.
The sky beast is lightly wounded.
The sky beast hits you.
* * * LOW HITPOINT WARNING * * *
The sky beast shocks you.
* * * LOW HITPOINT WARNING * * *
You feel very mighty all of a sudden. The sky beast hits you.
* * * LOW HITPOINT WARNING * * *
The sky beast shocks you.
You die...
Xom bursts into laughter!

.......# #.8.8.8...######..##
.......##.## #.⌠.⌠.⌠.....##.....
.......##..###............###..##
.......#.$...###.>........# ..
..#....#......##...#......#
####............#.##..#...# #
#..............##..###.#
##...........Y.##..# ###
#...........@.##..##
##.............##..#
#....†.........#..# .
##.............#..# ..
#................# ..
##...............## ..
#.........$......#
#................#
##...............#


You could see a sky beast.

Vanquished Creatures
  Sigmund (D:2)
  An ogre (D:4)
  2 orc priests (D:4)
  Jessica (D:2)
  3 adders
  4 worms
  3 dart slugs
  An orc (D:4)
  4 endoplasms
  7 giant cockroaches
  9 goblins
  4 hobgoblins
  13 kobolds
  3 quokkas
  6 ball pythons
  5 bats
  2 frilled lizards (D:3)
  8 rats
77 creatures vanquished.

Vanquished Creatures (others)
  A plant (Sewer)
1 creature vanquished.

Grand Total: 78 creatures vanquished

Notes
Turn   | Place    | Note
-------+----------+-------------------------------------------
     0 | D:1      | Think the Octopode Fighter began the quest for the Orb.
     0 | D:1      | Reached XP level 1. HP: 16/16 MP: 1/1
   198 | D:1      | Found Zyjadif's Distillery.
   319 | D:1      | Reached XP level 2. HP: 20/21 MP: 2/2
   909 | D:1      | Reached skill level 1 in Maces & Flails
  1152 | D:2      | Found a faded altar of an unknown god.
  1171 | D:2      | Prayed at the altar of an unknown god.
  1171 | D:2      | Became a worshipper of Xom of Chaos
  1330 | D:2      | Noticed Jessica
  1335 | D:2      | XOM: silly message
  1337 | D:2      | Killed Jessica
  1338 | D:2      | Reached skill level 2 in Maces & Flails
  1338 | D:2      | Reached XP level 3. HP: 25/26 MP: 3/3
  1420 | D:2      | Reached XP level 4. HP: 21/31 MP: 4/4
  1555 | D:2      | Noticed Sigmund
  1563 | D:2      | Killed Sigmund
  1564 | D:2      | Reached skill level 5 in Maces & Flails
  1564 | D:2      | Reached XP level 5. HP: 36/36 MP: 5/5
  1586 | D:2      | XOM: silly message
  1660 | D:2      | Reached XP level 6. HP: 42/42 MP: 6/6
  1669 | D:2      | Found Xuuchoce's Distillery.
  1910 | D:2      | XOM: give mutations
  1910 | D:2      | Gained mutation: You are weak. (Str -2) [Xom's mischief]
  1910 | D:2      | Gained mutation: You are agile. (Dex +2) [Xom's mischief]
  1918 | D:2      | XOM: summons 4 hostile demons
  2138 | D:3      | XOM: silly message
  2339 | D:3      | Found a glowing drain.
  2363 | Sewer    | Entered a sewer
  2643 | D:3      | Learned a level 1 spell: Summon Small Mammal
  3002 | D:4      | XOM: noise
  3158 | D:4      | Reached skill level 6 in Maces & Flails
  3158 | D:4      | Reached skill level 1 in Summonings
  3177 | D:4      | Found a hide-covered altar of Uskayaw.
  3191 | D:4      | Found a staircase to the Ecumenical Temple.
  3227 | D:4      | Reached XP level 7. HP: 40/46 MP: 7/7
  3340 | D:4      | XOM: swap monsters
  3342 | D:4      | Slain by a sky beast

Illustrated notes

Levels and vault maps discovered:
D:1:      heliophobic_arrival_henge, layout_basic, serial_shops,
          nicolae_diamond_shop, serial_forest, infiniplex_forest_end_2,
          infiniplex_forest_lined_1, infiniplex_forest_lined_2,
          infiniplex_forest_lined_room_2, infiniplex_forest_clump_curved,
          infiniplex_forest_zigzag_2, infiniplex_forest_end_1,
          infiniplex_forest_zigzag_1, infiniplex_forest_lined_room_2,
          infiniplex_forest_join
D:2:      cheibrodos_helix_gallery, layout_loops_ring, serial_shops,
          nicolae_shop_stone, basic_ecumenical_altar, uniq_sigmund, uniq_jessica
D:3:      layout_basic, portal_sewer_entry_a
D:4:      layout_cave_pods, minitemple, minmay_temple_entry_drinking_statues,
          kennysheep_orc_chapel

Skill      XL: |  1  2  3  4  5  6 |
---------------+-------------------+-----
Maces & Flails | 2 5 6 |  6.2
Summonings     | 1 |  1.6
Fighting       | |  3.0
Dodging        | |  3.0
Shields        | |  3.0
Unarmed Combat | |  2.8

Action                   |  1- 3 |  4- 6 |  7- 9 || total
-------------------------+-------+-------+-------++-------
Melee: Unarmed           |    18 |       |       ||    18
       Constrict         |    13 |    23 |     3 ||    39
       Tentacles         |     9 |    21 |     3 ||    33
       Whip              |    29 |    95 |    14 ||   138
       Punch             |       |     2 |     1 ||     3
  Use: Scroll            |       |     6 |       ||     6
       Potion            |       |       |     1 ||     1
 Stab: Sleeping          |     7 |    17 |       ||    24
Armor: Skin              |     4 |     2 |     1 ||     7
Dodge: Dodged            |    34 |    48 |     4 ||    86
Block: Buckler           |     7 |    14 |     1 ||    22

Table legend: (Time is in decaauts)
 A = Elapsed time spent in this place.
 B = Non-inter-level travel time spent in this place.
 C = Inter-level travel time spent in this place.
 D = Time resting spent in this place.
 E = Time spent auto-exploring this place.
 F = Levels seen in this place.
 G = Mean time per level.
                   A        B        C        D        E       F      G
               +--------+--------+--------+--------+--------+-----+--------+
         Total |   3329 |   3246 |     83 |      0 |   2675 |   5 |  665.8 |
       Dungeon |   3099 |   3016 |     83 |      0 |   2532 |   4 |  774.8 |
         Sewer |    230 |    230 |      0 |      0 |    143 |   1 |  230.0 |
               +--------+--------+--------+--------+--------+-----+--------+

Top non-repeatable levels by time:
     D:1: 1152 daAuts
     D:3: 804 daAuts
     D:2: 793 daAuts
     D:4: 347 daAuts
   Sewer: 230 daAuts
